AoeStats
← Sodythaek

Oasis

509151620Analyzed
4v4 RM · 8d ago on Sep 25, 2026· 18m 0s· 8 players
Game mode
Random Map
Map size
Large (8 player)
Population
200
Speed
Normal
Resources
Standard
Victory
Conquest
Starting age
Dark Age
Ending age
Imperial Age
RankedLock teamsTeams togetherTeam positionsShared explorationLock speedFull tech treeHidden civsTurbo modeCheats
Victory
Defeat
🇫🇷 Saxons · France
1319
+9
🇫🇷 Vikings · France
1281
+10
🇫🇷 Burgundians · France
1278
+10
🇫🇷 Franks · France
979
+23
🇩🇪 Celts · Germany
1180
-14
🇨🇭 Mongols · Switzerland
1165
-14
🇩🇰 Ethiopians · Denmark
1141
-13
🇩🇰 Britons · Denmark
1098
-22
Mr. Bolivar
9:23 Loom
11:24 Feudal Age
15:44 Castle Age
13:49 Double-Bit Axe
13:56 Stone Mining
14:29 Horse Collar
Wondimu
10:59 Feudal Age
18:33 Castle Age
Dany Sahne
8:30 Loom
10:16 Feudal Age
10:44 Man-at-Arms
11:19 Double-Bit Axe
11:14 Horse Collar
jacobthyssen266
7:11 Loom
10:57 Feudal Age
18:58 Castle Age
17:29 Scale Barding Armor
Sodythaek
6:18 Loom
9:26 Feudal Age
13:21 Double-Bit Axe
14:46 Fletching
14:57 Padded Archer Armor
archimonde
5:59 Loom
8:13 Feudal Age
9:40 Double-Bit Axe
11:38 Fletching
18:15 Horse Collar
Rastagos
2:22 Loom
10:02 Feudal Age
11:04 Double-Bit Axe
12:37 Forging
Guizz
6:16 Loom
6:34 Loom
9:44 Feudal Age
8:20 Double-Bit Axe
12:03 Wheelbarrow
11:57 Horse Collar
12:29 Bow Saw
14:22 Hand Cart
18:34 Scale Barding Armor
Connection lost

Rejoining the realm…

Still unreachable

The connection could not be restored.

Session expired

The server has moved on; the page needs a fresh start.